 Dungeon Crawl Stone Soup version 0.27-a0-406-g23f261fbd2 (webtiles) character file.

Game seed: 2938283310212040304

44 mg7810 the Sneak (level 3, 0/29 HPs)
             Began as a Human Delver on Feb 22, 2021.
             Slain by an orc wizard
             ... wielding a +0 dagger
              (2 damage)
             ... on level 3 of the Dungeon.
             The game lasted 00:04:05 (552 turns).

mg7810 the Sneak (Human Delver)                      Turns: 552, Time: 00:04:06

Health: 0/29       AC:  3    Str: 13    XL:     3   Next: 85%
Magic:  3/3        EV: 12    Int: 10    God:
Gold:   17         SH:  0    Dex: 20    Spells: 2/2 levels left

rFire    . . .     SeeInvis .   a - +0 hand axe
rCold    . . .     Faith    .   (no shield)
rNeg     . . .     Spirit   .   b - +0 leather armour
rPois    .         Reflect  .   (no helmet)
rElec    .         Harm     .   (no cloak)
rCorr    .         Rampage  .   (no gloves)
Will     .....                  (no boots)
Stlth    +++.......             (no amulet)
HPRegen  0.09/turn              h - +6 ring of dexterity
MPRegen  0.08/turn              (no ring)

@: no status effects
A: no striking features
a: no special abilities


You were on level 3 of the Dungeon.
You visited 1 branch of the dungeon, and saw 3 of its levels.

You collected 17 gold pieces.

Inventory:

Hand Weapons
 a - a +0 hand axe (weapon)
Armour
 b - a +0 leather armour (worn)
Jewellery
 h - a +6 ring of dexterity (left hand)
Wands
 f - a wand of random effects (9)
 g - a wand of digging (3)
 i - a wand of flame (1)
Scrolls
 c - a scroll of fog
 d - a scroll of magic mapping


   Skills:
 + Level 3.1 Fighting
 + Level 2.2 Axes
 * Level 0.7 Throwing
 * Level 0.8 Armour
 + Level 2.0 Dodging
 + Level 5.5 Stealth
 * Level 0.8 Evocations


You had 2 spell levels left.
You didn't know any spells.
Your spell library contained the following spells:

 Spells                   Type           Power        Failure   Level
 Sting                    Tmut/Pois      0%           43%         1
 Poisonous Vapours        Pois/Air       0%           58%         2
 Ignite Poison            Fire/Tmut/Pois 0%           82%         3
 Mephitic Cloud           Conj/Pois/Air  0%           82%         3
 Olgreb's Toxic Radiance  Pois           0%           99%         4


Dungeon Overview and Level Annotations

Branches:
Dungeon (5/15)
 Temple: D:4-7

Altars:

Annotations:
D:5 Dowan, Duvessa, Ijyb


Message History

Press: ? - help, Shift-Dir - straight line, f - orc
Aim: an orc, wielding a +0 dagger Nothing appears to happen.
Something hits you but does no damage.
Aiming: Random Effects
Press: ? - help, Shift-Dir - straight line, f/p - orc
Aim: an orc, wielding a +0 dagger Nothing appears to happen.
Something hits you.
Aiming: Random Effects
Press: ? - help, Shift-Dir - straight line, f/p - orc
Aim: an orc, wielding a +0 dagger Nothing appears to happen.
Something hits you. Something hits you but does no damage.
You closely miss something. Something hits you.
You miss something. Something hits you.
* * * LOW HITPOINT WARNING * * *
Something hits you.
* * * LOW HITPOINT WARNING * * *
You completely miss something. Something hits you but does no damage.
Something hits you.
* * * LOW HITPOINT WARNING * * *
You hit something but do no damage. Something hits you.
* * * LOW HITPOINT WARNING * * *
Something hits you but does no damage.
You aren't carrying any potions.
Okay, then.
Aiming: Throw Flame
Press: ? - help, Shift-Dir - straight line, f/p - orc
Aim: an orc, wielding a +0 dagger (32% to evade)
The puff of flame hits the orc.
The orc is almost dead.
Something hits you but does no damage.
Aiming: Throw Flame
Press: ? - help, Shift-Dir - straight line, f/p - orc
Aim: an orc, wielding a +0 dagger (almost dead, 32% to evade)
The puff of flame hits the orc!
You kill the orc!
An orc wizard appears from thin air!
Reactivating autopickup.
The orc wizard hits you with a +0 dagger.
You die...

##(###.....##.#
#..###....##.#
#(.# ####.##.#
##..#########.#
#.......).....#
#o#.###########
#)#..# #o#..#
#@#..# #.##.##
#....># #######


You could see an orc wizard (fast) and an orc.

Vanquished Creatures
  An orc wizard (D:3)
  A howler monkey zombie (D:5)
  A leopard gecko (D:5)
  3 orcs (D:3)
  A giant cockroach (D:4)
  A quokka (D:5)
8 creatures vanquished.

Notes
Turn   | Place    | Note
-------+----------+-------------------------------------------
     0 | D:5      | mg7810 the Human Delver began the quest for the Orb.
     0 | D:5      | Reached XP level 1. HP: 18/18 MP: 1/1
    93 | D:5      | Reached XP level 2. HP: 20/24 MP: 2/2
   158 | D:5      | Noticed a scorpion
   160 | D:5      | Noticed Duvessa
   160 | D:5      | Noticed Dowan
   195 | D:5      | Noticed Ijyb
   522 | D:3      | Reached XP level 3. HP: 29/29 MP: 3/3
   552 | D:3      | Slain by an orc wizard

Illustrated notes

Levels and vault maps discovered:
D:3:      layout_basic, amethyst_overflow_temple_binary,
          chequers_temple_overflow_statue_of_worship, minmay_misc_feat_plants
D:4:      corexii_shantytown, layout_loops_corners, vehumet_statue,
          gammafunk_ghost_arena
D:5:      layout_loops_corners, minmay_temple_entry_statues_fountains,
          uniq_duvessa, uniq_ijyb, uniq_blork_the_orc, uniq_crazy_yiuf_cottage

Action                   || total
-------------------------++-------
Melee: Hand axe          ||    30
Throw: Dart              ||     4
Evoke: Wand              ||    16
  Use: Scroll            ||     1
       Potion            ||     1
Armor: Leather armour    ||    12
Dodge: Dodged            ||    14

Table legend: (Time is in decaauts)
 A = Elapsed time spent in this place.
 B = Non-inter-level travel time spent in this place.
 C = Inter-level travel time spent in this place.
 D = Time resting spent in this place.
 E = Time spent auto-exploring this place.
 F = Levels seen in this place.
 G = Mean time per level.
                   A        B        C        D        E       F      G
               +--------+--------+--------+--------+--------+-----+--------+
         Total |    543 |    543 |      0 |    133 |     55 |   3 |  181.0 |
       Dungeon |    543 |    543 |      0 |    133 |     55 |   3 |  181.0 |
               +--------+--------+--------+--------+--------+-----+--------+

Top non-repeatable levels by time:
     D:4: 200 daAuts
     D:5: 197 daAuts
     D:3: 145 daAuts
